3AAA
HAMILTON COYOTES @ HIALEAH DODOS
09/13/2025
 
TOP OF THE 1ST
Hamilton Coyotes batting - Pitching for Hialeah Dodos : RHP Sexto Rodríguez
Pitching: RHP Sexto Rodríguez
Batting: RHB Monty Sharp 0-0: Fly out, F8 (Flyball, 89M)
Batting: SHB Bruce Hunt 0-0: Called Strike
0-1: Swinging Strike
0-2: Strikes out swinging
Batting: RHB Carlos Mercado 0-0: Fly out, F7 (Line Drive, 7)
Top of the 1st over - 0 run(s), 0 hit(s), 0 error(s), 0 left on base; Hamilton 0 - Hialeah 0
BOTTOM OF THE 1ST
Hialeah Dodos batting - Pitching for Hamilton Coyotes : RHP Marcos Mesa
Pitching: RHP Marcos Mesa
Batting: RHB Diego Bonilla 0-0: Ball
1-0: Called Strike
1-1: Ball
2-1: Ball
3-1: Foul Ball, location: 2F
3-2: Fly out, F9 (Line Drive, 9S)
Batting: SHB Vincente Ybarra 0-0: Fly out, F8 (Flyball, 8LM)
Batting: LHB Raúl Aguirre 0-0: Ball
1-0: Called Strike
1-1: Called Strike
1-2: Strikes out swinging
Bottom of the 1st over - 0 run(s), 0 hit(s), 0 error(s), 0 left on base; Hamilton 0 - Hialeah 0
TOP OF THE 2ND
Hamilton Coyotes batting - Pitching for Hialeah Dodos : RHP Sexto Rodríguez
Batting: RHB Ralph May 0-0: Called Strike
0-1: Ball
1-1: Swinging Strike
1-2: Foul Ball, location: 2F
1-2: Foul Ball, location: 2F
1-2: Strikes out swinging
Batting: RHB Paddy Hodnett 0-0: Ball
1-0: Called Strike
1-1: Swinging Strike
1-2: Strikes out swinging
Batting: LHB Tony Ríos 0-0: Ball
1-0: Called Strike
1-1: Ball
2-1: Foul Ball, location: 2F
2-2: Foul Ball, location: 2F
2-2: Foul Ball, location: 2F
2-2: Strikes out swinging
Top of the 2nd over - 0 run(s), 0 hit(s), 0 error(s), 0 left on base; Hamilton 0 - Hialeah 0
BOTTOM OF THE 2ND
Hialeah Dodos batting - Pitching for Hamilton Coyotes : RHP Marcos Mesa
Batting: LHB Álex Burgos 0-0: Foul Ball, location: 2F
0-1: Foul Ball, location: 2F
0-2: Foul Ball, location: 2F
0-2: Ball
1-2: Ball
2-2: Ball
3-2: Foul Ball, location: 2F
3-2: Base on Balls
Batting: LHB Scott Janousek 0-0: Called Strike
0-1: Fly out, F6 (Popup, 6M)
Batting: LHB Perry Bothof 0-0: Fly out, F8 (Flyball, 8RM)
Batting: RHB Vincente Rotham 0-0: Ball
1-0: Called Strike
1-1: Ball
2-1: Foul Ball, location: 2F
2-2: Ball
3-2: Foul Ball, location: 2F
3-2: Fly out, F8 (Flyball, 78M)
Bottom of the 2nd over - 0 run(s), 0 hit(s), 0 error(s), 1 left on base; Hamilton 0 - Hialeah 0
TOP OF THE 3RD
Hamilton Coyotes batting - Pitching for Hialeah Dodos : RHP Sexto Rodríguez
Batting: RHB Jon Erickson 0-0: Ball
1-0: SINGLE (Line Drive, 3D)
Batting: RHB Dan Bernard 0-0: Called Strike
0-1: Ball
1-1: Called Strike
1-2: Ball
2-2: Foul Ball, location: 2F
2-2: Ball
3-2: Foul Ball, location: 2F
3-2: Base on Balls
Jon Erickson to second
Batting: RHB Henry Mann 0-0: Fly out, F9 (Flyball, 89S)
Batting: RHB Monty Sharp 0-0: Called Strike
0-1: Called Strike
0-2: Foul Ball, location: 2F
0-2: Ball
1-2: Grounds into double play, 6-4-3 (Groundball, 56)
Top of the 3rd over - 0 run(s), 1 hit(s), 0 error(s), 1 left on base; Hamilton 0 - Hialeah 0
BOTTOM OF THE 3RD
Hialeah Dodos batting - Pitching for Hamilton Coyotes : RHP Marcos Mesa
Batting: RHB Javier Santos 0-0: Ball
1-0: SINGLE (Groundball, 4MD)
Batting: SHB Juan Ortega 0-0: Ball
Javier Santos is caught stealing 2nd base
1-0: Ball
2-0: Fly out, F5 (Popup, 5L)
Batting: RHB Diego Bonilla 0-0: Ball
1-0: Ball
2-0: Called Strike
2-1: Ball
3-1: Called Strike
3-2: Fly out, F9 (Flyball, 9)
Bottom of the 3rd over - 0 run(s), 1 hit(s), 0 error(s), 0 left on base; Hamilton 0 - Hialeah 0
TOP OF THE 4TH
Hamilton Coyotes batting - Pitching for Hialeah Dodos : RHP Sexto Rodríguez
Batting: SHB Bruce Hunt 0-0: Swinging Strike
0-1: Swinging Strike
0-2: Ball
1-2: Foul Ball, location: 2F
1-2: Ball
2-2: Ball
3-2: Foul Ball, location: 2F
3-2: SINGLE (Line Drive, 9S)
Batting: RHB Carlos Mercado 0-0: Grounds into double play, 6-4-3 (Groundball, 6)
Batting: RHB Ralph May 0-0: Called Strike
0-1: Swinging Strike
0-2: Hit by Pitch
Batting: RHB Paddy Hodnett 0-0: Swinging Strike
0-1: Ball
1-1: Foul Ball, location: 2F
1-2: Ball
2-2: Foul Ball, location: 2F
2-2: Ball
3-2: Strikes out looking
Top of the 4th over - 0 run(s), 1 hit(s), 0 error(s), 1 left on base; Hamilton 0 - Hialeah 0
BOTTOM OF THE 4TH
Hialeah Dodos batting - Pitching for Hamilton Coyotes : RHP Marcos Mesa
Batting: SHB Vincente Ybarra 0-0: Called Strike
0-1: Ground out 6-3 (Groundball, 6)
Batting: LHB Raúl Aguirre 0-0: DOUBLE (Flyball, 7LM)
Batting: LHB Álex Burgos 0-0: Fly out, F9 (Flyball, 89D)
Runner from 2nd tags up, SAFE at 3rd, no throw
Batting: LHB Scott Janousek 0-0: Called Strike
0-1: Ball
1-1: Ball
2-1: Ball
3-1: Foul Ball, location: 2F
3-2: Ground out 6-3 (Groundball, 6)
Bottom of the 4th over - 0 run(s), 1 hit(s), 0 error(s), 1 left on base; Hamilton 0 - Hialeah 0
TOP OF THE 5TH
Hamilton Coyotes batting - Pitching for Hialeah Dodos : RHP Sexto Rodríguez
Batting: LHB Tony Ríos 0-0: Ball
1-0: Foul Ball, location: 2F
1-1: Fly out, F5 (Popup, 5S)
Batting: RHB Jon Erickson 0-0: Ball
1-0: Called Strike
1-1: Foul Ball, location: 2F
1-2: Foul Ball, location: 2F
1-2: Foul Ball, location: 2F
1-2: Ball
2-2: SINGLE (Line Drive, 3D)
Batting: RHB Dan Bernard 0-0: Ground out 5-3 (Groundball, 5S)
Jon Erickson to second
Batting: RHB Henry Mann 0-0: Fly out, F9 (Flyball, 89M)
Top of the 5th over - 0 run(s), 1 hit(s), 0 error(s), 1 left on base; Hamilton 0 - Hialeah 0
BOTTOM OF THE 5TH
Hialeah Dodos batting - Pitching for Hamilton Coyotes : RHP Marcos Mesa
Batting: LHB Perry Bothof 0-0: Swinging Strike
0-1: Ball
1-1: Foul Ball, location: 2F
1-2: Ball
2-2: Strikes out swinging
Batting: RHB Vincente Rotham 0-0: Ground out 6-3 (Groundball, 6S)
Batting: RHB Javier Santos 0-0: Ball
1-0: Ball
2-0: Ball
3-0: Called Strike
3-1: DOUBLE (Line Drive, 7)
Batting: SHB Juan Ortega 0-0: Called Strike
0-1: Ball
1-1: Ball
2-1: Swinging Strike
2-2: Fly out, F8 (Flyball, 8LS)
Bottom of the 5th over - 0 run(s), 1 hit(s), 0 error(s), 1 left on base; Hamilton 0 - Hialeah 0
TOP OF THE 6TH
Hamilton Coyotes batting - Pitching for Hialeah Dodos : RHP Sexto Rodríguez
Batting: RHB Monty Sharp 0-0: Ball
1-0: Foul Ball, location: 2F
1-1: Ground out 4-3 (Groundball, 4M)
Batting: SHB Bruce Hunt 0-0: Ground out 4-3 (Groundball, 4)
Batting: RHB Carlos Mercado 0-0: Ball
1-0: Ground out U3 (Groundball, 34)
Top of the 6th over - 0 run(s), 0 hit(s), 0 error(s), 0 left on base; Hamilton 0 - Hialeah 0
BOTTOM OF THE 6TH
Hialeah Dodos batting - Pitching for Hamilton Coyotes : RHP Marcos Mesa
Batting: RHB Diego Bonilla 0-0: Ball
1-0: Ball
2-0: Foul Ball, location: 2F
2-1: Fly out, F3 (Line Drive, 3)
Batting: SHB Vincente Ybarra 0-0: Fly out, F7 (Flyball, 78M)
Batting: LHB Raúl Aguirre 0-0: Ball
1-0: Ball
2-0: Ball
3-0: Base on Balls
Batting: LHB Álex Burgos 0-0: Fly out, F9 (Flyball, 9D)
Bottom of the 6th over - 0 run(s), 0 hit(s), 0 error(s), 1 left on base; Hamilton 0 - Hialeah 0
TOP OF THE 7TH
Hamilton Coyotes batting - Pitching for Hialeah Dodos : RHP Sexto Rodríguez
Batting: RHB Ralph May 0-0: Foul Ball, location: 2F
0-1: SOLO HOME RUN (Flyball, 7D), Distance : 387 ft
Batting: RHB Paddy Hodnett 0-0: Ball
1-0: Ball
2-0: Ball
3-0: Called Strike
3-1: Foul Ball, location: 2F
3-2: Foul Ball, location: 2F
3-2: Base on Balls
Batting: LHB Tony Ríos 0-0: Bunted foul
0-1: Sac Bunt - play at first, batter OUT! 3-4
Paddy Hodnett to second
Pinch Hitting: RHB EP Weston 0-0: Intentional Walk
Batting: RHB Dan Bernard 0-0: Foul Ball, location: 2F
0-1: Foul Ball, location: 2F
0-2: Strikes out swinging
Pinch Hitting: LHB Ralph Dunford 0-0: Ball
1-0: Swinging Strike
1-1: Ball
2-1: Called Strike
2-2: Strikes out swinging
Top of the 7th over - 1 run(s), 1 hit(s), 0 error(s), 2 left on base; Hamilton 1 - Hialeah 0
BOTTOM OF THE 7TH
Hialeah Dodos batting - Pitching for Hamilton Coyotes : RHP Marcos Mesa
Now at 2B: Quinn Johnson
Now in RF: EP Weston
Batting: LHB Scott Janousek 0-0: Ball
1-0: Fly out, F7 (Flyball, 7)
Batting: LHB Perry Bothof 0-0: SINGLE (Groundball, 4S) (infield hit)
Pinch Hitting: LHB Alfonso Núñez 0-0: Grounds into double play, 1-6-3 (Groundball, P)
Bottom of the 7th over - 0 run(s), 1 hit(s), 0 error(s), 0 left on base; Hamilton 1 - Hialeah 0
TOP OF THE 8TH
Hamilton Coyotes batting - Pitching for Hialeah Dodos : RHP Sexto Rodríguez
Now at SS: Alexis Smeddon
Batting: RHB Monty Sharp 0-0: Hit by Pitch
Pitching: LHP Travis Grant
Pinch Hitting: RHB Jesús Soto 0-0: Grounds into double play, 6-4-3 (Groundball, 6MD)
Batting: RHB Carlos Mercado 0-0: Ball
1-0: Swinging Strike
1-1: Ball
2-1: SINGLE (Groundball, 56D)
Batting: RHB Ralph May 0-0: Ball
1-0: Called Strike
1-1: Foul Ball, location: 2F
1-2: Fielders Choice at 2nd, 6-4 (Groundball, 6)
Top of the 8th over - 0 run(s), 1 hit(s), 0 error(s), 0 left on base; Hamilton 1 - Hialeah 0
BOTTOM OF THE 8TH
Hialeah Dodos batting - Pitching for Hamilton Coyotes : RHP Marcos Mesa
Now at SS: Sam Horton
Batting: RHB Javier Santos 0-0: Ground out U3 (Groundball, 34)
Batting: SHB Juan Ortega 0-0: Called Strike
0-1: Ball
1-1: Ball
2-1: Ball
3-1: Called Strike
3-2: Base on Balls
Pinch Hitting: RHB Lorenzo Ramírez 0-0: Ball
1-0: SINGLE (Groundball, 6MD)
Juan Ortega to second
Runner from 2nd tries for 3rd, SAFE, no throw
Batting: SHB Vincente Ybarra 0-0: Called Strike
0-1: Ball
1-1: Fielders Choice at 2nd, 1-6 (Groundball, 13)
Batting: LHB Raúl Aguirre 0-0: Ball
1-0: Foul Ball, location: 2F
1-1: Ball
2-1: Foul Ball, location: 2F
2-2: Fly out, F3 (Popup, 3)
Bottom of the 8th over - 0 run(s), 1 hit(s), 0 error(s), 2 left on base; Hamilton 1 - Hialeah 0
TOP OF THE 9TH
Hamilton Coyotes batting - Pitching for Hialeah Dodos : LHP Travis Grant
Pitching: RHP Santiago Maes
Now in CF: Steve McLeod
Batting: RHB Paddy Hodnett 0-0: Ball
1-0: Ground out 4-3 (Groundball, 4)
Pitching: RHP Jim Unknown
Batting: LHB Tony Ríos 0-0: Ground out 4-3 (Groundball, 4)
Batting: RHB EP Weston 0-0: Ball
1-0: Fly out, F8 (Flyball, 8LM)
Top of the 9th over - 0 run(s), 0 hit(s), 0 error(s), 0 left on base; Hamilton 1 - Hialeah 0
BOTTOM OF THE 9TH
Hialeah Dodos batting - Pitching for Hamilton Coyotes : RHP Marcos Mesa
Batting: LHB Álex Burgos 0-0: Called Strike
0-1: Ball
1-1: Ball
2-1: Ball
3-1: Base on Balls
Batting: LHB Scott Janousek 0-0: Called Strike
0-1: Called Strike
0-2: Foul Ball, location: 2F
0-2: Foul Ball, location: 2F
0-2: SINGLE (Line Drive, 6D)
Álex Burgos to second
Pinch Runner at 2nd Daniel Ruíz:
Batting: LHB Perry Bothof 0-0: Ball
1-0: Fielders Choice at 2nd, 3-6 (Groundball, 3)
Daniel Ruíz to third
Batting: RHB Alexis Smeddon 0-0: Swinging Strike
0-1: Ground out 4-3 (Groundball, 34)
Daniel Ruíz scores
Perry Bothof to second
Pitching: LHP Jim Unknown
Batting: RHB Javier Santos 0-0: Ball
1-0: Ball
2-0: Ball
3-0: Base on Balls
Pinch Runner at 2nd Rafael Hernández:
Batting: SHB Juan Ortega 0-0: Ball
1-0: Foul Ball, location: 2F
1-1: Fielders Choice at 2nd, 5-4 (Groundball, 5)
Bottom of the 9th over - 1 run(s), 1 hit(s), 0 error(s), 1 left on base; Hamilton 1 - Hialeah 1
TOP OF THE 10TH
Hamilton Coyotes batting - Pitching for Hialeah Dodos : RHP Jim Unknown
Now at C: Errol Levick
Batting: RHB Dan Bernard 0-0: Foul Ball, location: 2F
0-1: SINGLE (Groundball, 56D)
Batting: RHB Quinn Johnson 0-0: Sac Bunt - play at first, batter OUT! 3-4
Dan Bernard to second
Batting: RHB Monty Sharp 0-0: Intentional Walk
Batting: RHB Sam Horton 0-0: Ball
Passed Ball!
Dan Bernard to third
Monty Sharp to second
1-0: Ball
2-0: Foul Ball, location: 2F
2-1: SINGLE (Groundball, 6MD)
Dan Bernard scores
Monty Sharp to third
Runner from 3rd tries for Home, SAFE, no throw
Batting: RHB Carlos Mercado 0-0: Ball
1-0: Foul Ball, location: 2F
1-1: Ball
2-1: Foul Ball, location: 2F
2-2: Foul Ball, location: 2F
2-2: Foul Ball, location: 2F
2-2: Foul Ball, location: 2F
2-2: SINGLE (Groundball, 56D)
Sam Horton to second
Batting: RHB Ralph May 0-0: Foul Ball, location: 2F
0-1: Ball
1-1: Foul Ball, location: 2F
1-2: Fly out, F7 (Flyball, 78D)
Batting: RHB Paddy Hodnett 0-0: Called Strike
0-1: Fielders Choice at 2nd, 5-4 (Groundball, 56)
Top of the 10th over - 2 run(s), 3 hit(s), 0 error(s), 1 left on base; Hamilton 3 - Hialeah 1
BOTTOM OF THE 10TH
Hialeah Dodos batting - Pitching for Hamilton Coyotes : LHP Jim Unknown
Batting: RHB Steve McLeod 0-0: Called Strike
0-1: Swinging Strike
0-2: Ball
1-2: Foul Ball, location: 2F
1-2: Ball
2-2: Foul Ball, location: 2F
2-2: Ground out 5-3 (Groundball, 5L)
Batting: SHB Vincente Ybarra 0-0: Ball
1-0: Ball
2-0: Ball
3-0: Base on Balls
Batting: LHB Raúl Aguirre 0-0: Swinging Strike
0-1: Called Strike
0-2: Ball
1-2: Strikes out swinging
Batting: RHB Daniel Ruíz 0-0: Called Strike
0-1: SINGLE (Groundball, 56D)
Vincente Ybarra to second
Batting: LHB Scott Janousek 0-0: Ball
1-0: Fielders Choice at 2nd, 4-6 (Groundball, 4)
Bottom of the 10th over - 0 run(s), 1 hit(s), 0 error(s), 1 left on base; Hamilton 3 - Hialeah 1
Friday, December 30th, 2016 - OOTP Baseball 17.12 Build 75